Description

A build I made for myself.

Build Order

Get SALT Encoding   

  12  0:01  Drone  
  13  0:08  Drone  
  14  0:18  Overlord  
  14  0:40  Hatchery, Drone x5  
  17  0:54  Drone  
  16  1:00  Extractor, Spawning Pool  
  18  1:10  Zergling x3  
  19  1:12  Queen  
  18  1:20  Metabolic Boost  
  23  2:14  Roach Warren  
  22  2:16  Drone x2  
  24  2:30  Queen  
Spawning Tool Build Advisor. Get it on Overwolf

Analysis

Tends to work well against toss.

Go to:

Details

  • Created by: Beeperdp
  • Published on: Nov 27, 2016
  • Modified on: Nov 27, 2016
  • Patch: Pre-3.8.0
Show
View Real Time Build Order
Export as new Build Order

Comments (1)

On Nov. 27, 2016, 7:35 p.m., BergerBadger  said:

Have a VOD? Otherwise this makes no sense. How is this economic with a 14 Hatchery?

Create an account to comment!